 Dungeon Crawl Stone Soup version 0.31-a0-1300-gb6740aa4e6 (webtiles) character file.

Game seed: 2971257728146670561

22 grandjackal the Slasher (level 2, -1/25 HPs)
             Began as a Draconian Gladiator on Dec 18, 2023.
             Slain by a hobgoblin (6 damage)
             ... led by Robin
             ... on level 1 of the Dungeon.
             The game lasted 00:00:51 (603 turns).

grandjackal the Slasher (Draconian Gladiator)        Turns: 603, Time: 00:00:51

Health: -1/25      AC:  4    Str: 16    XL:     2   Next: 68%
Magic:  2/2        EV: 12    Int:  8    God:
Gold:   77         SH:  0    Dex: 12    Spells: 1/1 levels left

rFire   . . .        a - +0 long sword
rCold   . . .        (no shield)
rNeg    . . .        (body armour unavailable)
rPois   .            b - +0 hat
rElec   .            (no cloak)
rCorr   .            (no gloves)
SInv    .            (no boots)
Will    .....        (no amulet)
Stlth   +            (no ring)
HPRegen 0.24/turn    (no ring)
MPRegen 0.08/turn

%: no passive effects
@: no status effects
A: AC +4, unfitting armour, cold-blooded
a: no special abilities


You were on level 1 of the Dungeon.
You visited 1 branch of the dungeon, and saw 2 of its levels.

You collected 77 gold pieces.

Inventory:

Hand Weapons
 a - a +0 long sword (weapon)
Missiles
 c - 3 throwing nets (quivered)
 d - a javelin
Armour
 b - a +0 hat (worn)
Scrolls
 f - a scroll of teleportation {unknown}
 g - a scroll of enchant weapon {unknown}
 h - a scroll of identify {unknown}
 k - a scroll of vulnerability {unknown}
Potions
 e - a potion of curing {unknown}
 i - a potion of cancellation {unknown}
 j - a potion of mutation {unknown}
 l - a potion of resistance {unknown}


   Skills:
 + Level 2.7 Fighting
 + Level 3.3 Long Blades
 - Level 2.0 Throwing
 + Level 3.0 Dodging


You had one spell level left.
You didn't know any spells.
Your spell library contained the following spells:

 Spells                   Type           Power      Damage    Failure   Level
 Apportation              Tloc           0%         N/A       41%         1
 Jinxbite                 Hex            0%         N/A       54%         2
 Alistair's Intoxication  Tmut/Pois      0%         N/A       100%        5


Dungeon Overview and Level Annotations

Branches:
Dungeon (2/15)

Altars:

Annotations:
D:2 Robin


Innate Abilities, Weirdness & Mutations

Your plain brown scales are hard. (AC +4)
You cannot fit into any form of body armour.
You are cold-blooded and may be slowed by cold attacks.


Message History

The goblin unwields a +0 dagger.
The goblin wields a +0 sling.
The goblin shoots a sling bullet.
The sling bullet closely misses you. The goblin attacks as it pursues you!
The goblin hits you but does no damage. The goblin attacks as it pursues you!
The goblin closely misses you.
Robin says, "Bow before me, strongest of all the hobgoblins!"
The goblin attacks as it pursues you! The goblin closely misses you.
Robin laughs in a distinctly smug fashion.
There is a stone staircase leading up here.
You slash the goblin!
You kill the goblin!
The goblin no longer looks unusually strong.
You hit the goblin. You tail-slap the goblin.
The goblin is severely wounded.
The goblin barely misses you. The goblin hits you with a +0 club.
You closely miss the goblin.
The goblin is heavily wounded.
You hit the goblin.
You kill the goblin!
Robin roars a battlecry!
The goblins go into a battle-frenzy!
You hit the goblin but do no damage.
The goblin no longer looks unusually strong.
The hobgoblin no longer looks unusually strong.
Robin roars a battlecry!
The goblins go into a battle-frenzy!
The goblin closely misses you. The hobgoblin hits you.
The goblin barely misses you. The hobgoblin closely misses you.
You climb upwards.
There is a stone staircase leading down here.
You hit the goblin but do no damage.
Your tail-slap misses the goblin.
The goblin hits you with a +0 club. The hobgoblin misses you.
You are too injured to fight recklessly!
You are too injured to fight recklessly!
You closely miss the goblin.
Your tail-slap misses the goblin.
The goblin misses you. The hobgoblin hits you.
You miss the goblin. The goblin barely misses you. The hobgoblin hits you.
* * * LOW HITPOINT WARNING * * *
The goblin attacks as it pursues you! The goblin hits you but does no damage.
The hobgoblin hits you.
You die...

#############......[.#
#..........##........#####
#.########.##.............
#.###....#..'.............
#.......##..#.............
##....#...................
#.###.....#...#.####.....
#.#.#.#g.##...#.###......
#...#..g@................
###.########.###.#.......
#....# #...#.#.......
####.#####.###.#.......
#.............#.......
#.#.#####....)..(.....
###.#.# ##############
#...#.# ###.#.#


You could see a hobgoblin (strong) and a goblin (strong).

Vanquished Creatures
  A giant cockroach (D:1)
  8 goblins
  4 hobgoblins
  A ball python (D:1)
  A bat (D:1)
  2 frilled lizards
  2 rats (D:1)
19 creatures vanquished.

Notes
Turn   | Place    | Note
-------+----------+-------------------------------------------
     0 | D:1      | grandjackal the Draconian Gladiator began the quest for the
                  | Orb.
     0 | D:1      | Reached XP level 1. HP: 17/17 MP: 1/1
   188 | D:1      | Reached XP level 2. HP: 19/25 MP: 2/2
   577 | D:2      | Noticed Robin
   603 | D:1      | Slain by a hobgoblin

Illustrated notes

Levels and vault maps discovered:
D:1:      lightli_arrival_statue_moat, layout_basic
D:2:      layout_basic, uniq_crazy_yiuf_cottage, uniq_robin

Skill      XL: |  1  2 |
---------------+-------+-----
Throwing       | 2 |  2.0
Dodging        | 3 |  3.0
Fighting       | |  2.7
Long Blades    | |  3.3

Action                     || total
---------------------------++-------
  Melee: Long sword        ||    44
         Tailslap          ||     1
   Stab: Sleeping          ||     2
 Armour: Skin              ||    28
  Dodge: Dodged            ||    34

Table legend: (Time is in decaauts)
 A = Elapsed time spent in this place.
 B = Non-inter-level travel time spent in this place.
 C = Inter-level travel time spent in this place.
 D = Time resting spent in this place.
 E = Time spent auto-exploring this place.
 F = Levels seen in this place.
 G = Mean time per level.
                   A        B        C        D        E       F      G
               +--------+--------+--------+--------+--------+-----+--------+
         Total |    613 |    584 |     29 |      0 |    442 |   2 |  306.5 |
       Dungeon |    613 |    584 |     29 |      0 |    442 |   2 |  306.5 |
               +--------+--------+--------+--------+--------+-----+--------+

Top non-repeatable levels by time:
     D:1: 560 daAuts
     D:2: 52 daAuts
